 Dungeon Crawl Stone Soup version 0.17-a0-1435-geafbe2f (webtiles) character file.

103 Fizybubbleh the Purveyor of Pain (level 4, -5/30 HPs)
             Began as a Mummy Necromancer on June 26, 2015.
             Was an Initiate of Kikubaaqudgha.
             Slain by a worker ant (7 damage)
             ... on level 4 of the Dungeon.
             The game lasted 00:10:20 (3388 turns).

Fizybubbleh the Purveyor of Pain (MuNe)             Turns: 3388, Time: 00:10:20

Health: -5/30      AC:  2    Str: 11    XL:     4   Next: 51%
Magic:  0/7        EV: 12    Int: 15    God:    Kikubaaqudgha [......]
Gold:   153        SH:  0    Dex: 12    Spells: 2 memorised, 3 levels left

rFire  x . .     SeeInvis .     k - +1 dagger (venom)
rCold  + . .     Clarity  .     a - +0 robe
rNeg   + + +     SustAt   .     (no shield)
rPois  ∞         Gourm    .     (no helmet)
rElec  .         Spirit   .     (no cloak)
rCorr  .         Warding  .     (no gloves)
rMut   .         Stasis   .     (no boots)
MR     .....                    o - amulet of regeneration
Stlth  ++........               (no ring)
                                (no ring)

@: very slightly contaminated, not resistant to hostile enchantments, unstealthy
A: no food or potions, fire vulnerability, cold resistance 1, negative energy
resistance 3, torment resistance, unbreathing
a: Renounce Religion


You were on level 4 of the Dungeon.
You worshipped Kikubaaqudgha.
Kikubaaqudgha was noncommittal.
You were not hungry.

You visited 1 branch of the dungeon, and saw 4 of its levels.

You collected 153 gold pieces.

Inventory:

Hand weapons
 c - a +0 hunting sling
 d - a +0 club
 k - a +1 dagger of venom (weapon)
Missiles
 n - a throwing net
Armour
 a - a +0 robe (worn)
Jewellery
 g - an uncursed amulet of clarity
 h - an uncursed amulet of the gourmand
 o - an amulet of regeneration (around neck)
Magical devices
 q - a wand of magic darts (15)
Scrolls
 e - 2 scrolls of teleportation
 f - a scroll of amnesia
 i - a scroll of noise {unknown}
 j - a scroll of enchant weapon {unknown}
 l - 2 scrolls of remove curse
 m - a scroll of blinking {unknown}
 p - a scroll of fog {unknown}
Books
 b - a book of Necromancy

   Spells                             Type                      Level
   a - Pain                           Necromancy                   1
   b - Animate Skeleton               Necromancy                   1
   c - Vampiric Draining              Necromancy                   3
   d - Regeneration                   Charms/Necromancy            3
   e - Animate Dead                   Necromancy                   4
   f - Control Undead                 Necromancy                   4


   Skills:
 - Level 1.8 Dodging
 - Level 2.0 Stealth
 - Level 2.0 Spellcasting
 + Level 5.6 Necromancy


You had 3 spell levels left.
You knew the following spells:

 Your Spells              Type           Power        Failure   Level  Hunger
a - Pain                  Necr           ###.         1%          1    N/A
b - Vampiric Draining     Necr           ###.......   10%         3    N/A

Dungeon Overview and Level Annotations

Branches:
Dungeon (4/15)
 Temple: D:4-7

Altars:
Ashenzari
Fedhas
Kikubaaqudgha
Qazlal
Zin

Shops:
D:4 =


Innate Abilities, Weirdness & Mutations

You do not eat or drink.
Your flesh is vulnerable to fire.
You are immune to poison.
Your flesh is cold resistant.
You are immune to negative energy.
You are immune to unholy pain and torment.
You can survive without breathing.


Message History

MASSIVE DAMAGE!!
Aim: a worker ant (severely wounded, chance to defeat MR: 84%)
The worker ant barely resists.
The worker ant bites you.
* * * LOW HITPOINT WARNING * * *
You take 5 damage, and have 8/30 hp.
You now have 1/7 mp.
Aim: a worker ant (severely wounded, chance to defeat MR: 84%)
The worker ant convulses in agony!
The worker ant bites you!
* * * LOW HITPOINT WARNING * * *
You take 7 damage, and have 1/30 hp.
MASSIVE DAMAGE!!
You now have 0/7 mp.
You can't eat.
Read which item? (? for menu, Esc to quit)
As you read the scroll labeled ENTIRYMALLO, it crumbles to dust.
Forget which spell ([?*] list [ESC] exit)?
Forget which spell ([?*] list [ESC] exit)?
Okay, then.
It was a scroll of amnesia.
The worker ant bites you!
You die...
Kikubaaqudgha rasps: "You have failed me!
Welcome... oblivion!" a

#. # # #.. ###. ##
#.)##..# #. ##......#
#. ......a@####### #.
..............## #.
##...#####.#...# ###
## ###...###.....#
#.#####
#.........####..#.#
##.......####....##
##......#...##.##.###
#.......#.####..#..##
..........# ##.....).


You could see a worker ant.

Vanquished Creatures
  3 adders
  An ooze (D:3)
  A worm (D:2)
  5 giant geckos
  3 orcs
  8 bats
  10 hobgoblins
  A jackal (D:3)
  7 kobolds
  A quokka (D:2)
  A ball python (D:3)
  A giant cockroach (D:2)
  6 giant newts
  6 goblins
  8 rats
62 creatures vanquished.

Notes
Turn   | Place    | Note
--------------------------------------------------------------
     0 | D:1      | Fizybubbleh the Mummy Necromancer began the quest for the Orb.
     0 | D:1      | Reached XP level 1. HP: 13/13 MP: 3/3
   233 | D:1      | Reached XP level 2. HP: 8/19 MP: 0/5
  1416 | D:2      | Reached XP level 3. HP: 24/24 MP: 0/6
  1473 | D:2      | Learned a level 3 spell: Vampiric Draining
  1649 | D:2      | Found a blossoming altar of Fedhas.
  1650 | D:2      | Found a stormy altar of Qazlal.
  1791 | D:2      | Found a glowing silver altar of Zin.
  1882 | D:2      | Found a shattered altar of Ashenzari.
  1887 | D:2      | Reached skill level 5 in Necromancy
  2334 | D:3      | Reached XP level 4. HP: 30/30 MP: 4/7
  3152 | D:4      | Found Vees's Jewellery Shop.
  3177 | D:4      | Found an ancient bone altar of Kikubaaqudgha.
  3186 | D:4      | Became a worshipper of Kikubaaqudgha
  3387 | D:4      | HP: 1/30 [worker ant (7)]
  3388 | D:4      | Slain by a worker ant

Vault maps used:
D:1:      minmay_arrival_solitary_statue
D:2:      grunt_temple_overflow_forces_of_nature, lemuel_round_altar,
          first_bread, kennysheep_flooded_box
D:4:      kiku_gazebo_garden_becter, serial_shops, shop

Action                   |  1- 3 |  4- 6 || total
-------------------------+-------+-------++-------
Melee: Club              |    12 |       ||    12
       Dagger            |     7 |    10 ||    17
 Cast: Pain              |    76 |    46 ||   122
  Use: Scroll            |     2 |     1 ||     3
